 Dungeon Crawl Stone Soup version 0.21.1-1-g345015f (webtiles) character file.

41057 troglodite the Carver (level 13, -12/108 HPs)
             Began as a Demonspawn Berserker on July 2, 2018.
             Was the Champion of Trog.
             Mangled by Rupert
             ... wielding a +2 battleaxe of venom
              (25 damage)
             ... on level 5 of the Lair of Beasts.
             The game lasted 00:54:06 (17976 turns).

troglodite the Carver (Demonspawn Berserker)       Turns: 17976, Time: 00:54:07

Health: -12/108    AC: 25    Str: 24    XL:     13   Next: 78%
Magic:  0/4        EV: 17    Int: 15    God:    Trog [******]
Gold:   469        SH:  0    Dex: 29    Spells: 12/12 levels left

rFire    . . .     SeeInvis .   R - +5 triple sword (antimagic)
rCold    x . .     Gourm    .   (shield currently unavailable)
rNeg     + . .     Faith    +   h - +3 chain mail of Syndicalism {rC- Dex+7}
rPois    .         Spirit   +   i - +2 hat of the Bear Spirit {Spirit, +Rage rN+ MR++}
rElec    .         Reflect  .   l - +0 cloak {MR+}
rCorr    .         Harm     .   G - +2 pair of gloves
MR       +++..                  (no boots)
Stlth    ..........             f - amulet "Cittaset" {Faith Str+5 Int+6}
HPRegen  0.28/turn              x - +5 ring of slaying
MPRegen  0.18/turn              y - +6 ring of dexterity

@: lethally poisoned (-12 -> -100)
A: talons 2, yellow scales 2, foul stench 1, magic shield, magic regeneration,
rot immunity
a: Berserk, Trog's Hand, Brothers in Arms, Burn Spellbooks, Renounce Religion,
Evoke Berserk Rage


You were on level 5 of the Lair of Beasts.
You worshipped Trog.
Trog was exalted by your worship.
You were not hungry.

You visited 3 branches of the dungeon, and saw 18 of its levels.
You also visited: Sewer.

You collected 1804 gold pieces.
You spent 1335 gold pieces at shops.

Inventory:

Hand Weapons
 K - a +4 falchion
 N - a +4 scimitar
 R - a +5 antimagic triple sword (weapon)
Armour
 h - the +3 chain mail of Syndicalism (worn) {rC- Dex+7}
   (You bought it in a shop on level 2 of the Orcish Mines)

   It affects your dexterity (+7).
   It makes you vulnerable to cold.
 i - the +2 hat of the Bear Spirit (worn) {Spirit, +Rage rN+ MR++}
   (You bought it in a shop on level 2 of the Orcish Mines)

   It protects you from negative energy.
   It affects your resistance to hostile enchantments.
   It lets you go berserk.
 l - a +0 cloak of magic resistance (worn)
 G - a +2 pair of gloves (worn)
 P - the +0 scale mail "Quxun" {Int-5 Dex+7 SInv}
   (You found it on level 9 of the Dungeon)

   It affects your intelligence (-5).
   It affects your dexterity (+7).
   It lets you see invisible.
 W - a +2 chain mail of cold resistance
Jewellery
 a - a +2 ring of strength
 f - the amulet "Cittaset" (around neck) {Faith Str+5 Int+6}
   (You acquired it on level 1 of the Orcish Mines)

   [amulet of faith]

   It allows you to gain divine favour quickly.
   It affects your strength (+5).
   It affects your intelligence (+6).
 r - an uncursed ring of flight
 x - a +5 ring of slaying (left hand)
 y - a +6 ring of dexterity (right hand)
 A - a cursed amulet of inaccuracy {unknown}
 C - an uncursed ring of ice
 E - an uncursed ring of fire
Wands
 d - a wand of enslavement (8)
 n - a wand of iceblast (10)
 t - a wand of flame (70)
 z - a wand of digging (9)
 B - a wand of random effects (18)
 H - a wand of clouds (4)
 L - a wand of acid (14)
 O - a wand of paralysis (15)
Scrolls
 e - 4 scrolls of teleportation
 I - a scroll of summoning
 J - a scroll of magic mapping
Potions
 b - 5 potions of lignification
 g - 3 potions of heal wounds
 j - 5 potions of mutation
 k - 5 potions of might
 m - 5 potions of curing
 o - 2 potions of flight
 p - a potion of ambrosia
 q - 2 potions of berserk rage
 s - 2 potions of resistance
 u - a potion of magic
 v - 3 potions of haste
 w - a potion of agility
 F - a potion of brilliance
Comestibles
 c - 27 rations
 D - 15 chunks of flesh


   Skills:
 * Level 12.2 Fighting
 + Level 12.7 Long Blades
   Level 2.3 Axes
 * Level 11.4 Armour
 * Level 9.1 Dodging
 + Level 1.2 Stealth


You had 12 spell levels left.
You didn't know any spells.

Dungeon Overview and Level Annotations

Branches:
Dungeon (11/15)            Temple (0/1) D:4            Lair (5/6) D:8
 Shoals (0/4) Lair:2        Snake (0/4) Lair:4          Orc (2/2) D:10
    Elf (0/3) Orc:2
  Slime: Lair:5-6

Altars:
Elyvilon
Makhleb
Sif Muna
Trog
Uskayaw
Vehumet
Beogh

Shops:
D:6 *   Orc:2 [:[(

Annotations:
Lair:5 Rupert


Innate Abilities, Weirdness & Mutations

You have razor-sharp toenails.
You are mostly covered in yellow scales. (AC +3)
You may emit foul miasma when damaged in melee.
When hurt, damage is shared between your health and your magic reserves.
You regenerate magic rapidly.
You are immune to rotting.


Message History

You slice something!! You claw something.
You feel very sick. Something hits you!
You are more poisoned.
You slash something! Your kick misses something.
You feel very sick. Something hits you!
You are lethally poisoned!
Something hits you!
You are more poisoned.
You closely miss something. You claw something!
You feel extremely sick. Something hits you!!
* * * LOW HITPOINT WARNING * * *
You are more poisoned.
You hit something. You claw something.
* * * LOW HITPOINT WARNING * * *
You feel extremely sick. Something hits you!!
You die...

####
#P.......#
##P......##
#........#.#
##........##
##.......#
#........#
#........##
#..........#
##PP.....@##
........{.#
..>....P##
.......##
.......
.......
.......
#.#....


There were no monsters in sight!

Vanquished Creatures
  Josephine (D:11)
  A hydra (Lair:4)
  A two-headed ogre (D:9)
  4 death yaks (Lair:3)
  The ghost of lotte the Thaumaturge, a novice DEFE of Vehumet (D:8)
  An unseen horror (D:11)
  Pikel (D:5)
  2 orc knights (Orc:1)
  A cyclops (D:11)
  An ugly thing (D:7)
  Maurice (D:11)
  A black mamba (Lair:2)
  3 elephants (Lair:5)
  A torpor snail (Lair:4)
  2 centaur skeletons (D:11)
  6 spiny frogs
  3 rime drakes
  5 komodo dragons
  7 trolls
  Grinder (D:5)
  4 hippogriffs
  19 blink frogs
  A snapping turtle (Lair:2)
  A shadow (D:11)
  3 wyverns (D:8)
  27 yaks
  A hungry ghost (D:11)
  5 wraiths (D:11)
  4 basilisks
  A steam dragon (D:8)
  5 wargs
  8 nagas (Lair:4)
  6 water moccasins
  9 porcupines
  25 orc warriors
  2 ice beasts
  A black bear (D:7)
  3 centaurs
  5 ogres
  15 wolves
  8 crocodiles
  3 big kobolds
  14 bullfrogs
  3 scorpions
  8 killer bees
  A howler monkey (D:10)
  4 wights (D:8)
  An electric eel (Lair:1)
  3 crimson imps
  2 centaur zombies
  17 orc priests
  4 jellies
  4 hounds
  27 orc wizards
  4 iguanas
  4 hell rats (Lair:4)
  3 worker ants
  2 hound zombies
  A hound skeleton (D:11)
  A howler monkey zombie (D:8)
  A worker ant zombie (D:8)
  A howler monkey skeleton (D:7)
  6 gnolls
  2 river rats
  13 adders
  An adder zombie (D:5)
  3 dart slugs
  3 leopard geckos
  69 orcs
  8 bats
  4 giant cockroaches
  8 goblins
  7 hobgoblins
  8 jackals
  4 quokkas
  6 ball pythons
  2 frilled lizards
  A jackal skeleton (D:4)
  A jackal zombie (D:5)
  24 kobolds
  A leopard gecko zombie (D:5)
  A quokka skeleton (D:5)
  8 rats
  A plant (Lair:1)
486 creatures vanquished.

Vanquished Creatures (collateral kills)
  Saint Roka (Orc:2)
  A hydra (D:11)
  An orc high priest (Orc:1)
  An orc knight (Orc:2)
  A manticore (D:11)
  A warg (Orc:2)
  An orc warrior (Orc:2)
  3 orc priests
  3 orc wizards (Orc:2)
  5 orcs
18 creatures vanquished.

Vanquished Creatures (others)
  A jelly (D:5)
  A worker ant (D:5)
  A plant (Lair:1)
3 creatures vanquished.

Grand Total: 507 creatures vanquished

Notes
Turn   | Place    | Note
-------+----------+-------------------------------------------
     0 | D:1      | troglodite the Demonspawn Berserker began the quest for the Orb.
     0 | D:1      | Reached XP level 1. HP: 18/18 MP: 1/1
   258 | D:1      | Gained mutation: When hurt, damage is shared between your health and your magic reserves. [demonic ancestry]
   258 | D:1      | Reached XP level 2. HP: 24/24 MP: 2/2
   683 | D:1      | Reached ** piety under Trog
   806 | D:2      | Reached XP level 3. HP: 19/29 MP: 1/3
   980 | D:2      | Noticed a centaur
  1000 | D:2      | Killed a centaur
  1000 | D:2      | Reached XP level 4. HP: 37/37 MP: 2/4
  1022 | D:2      | Gained mutation: You are partially covered in yellow scales. (AC +2) [demonic ancestry]
  1022 | D:2      | Reached XP level 5. HP: 15/42 MP: 2/5
  1859 | D:3      | Found a glowing drain.
  1895 | Sewer    | Entered a sewer
  1903 | Sewer    | Reached *** piety under Trog
  2204 | Sewer    | Reached XP level 6. HP: 38/49 MP: 4/6
  2225 | Sewer    | Found a white marble altar of Elyvilon.
  3050 | D:4      | Found a staircase to the Ecumenical Temple.
  3929 | D:4      | Gained mutation: You are immune to rotting. [demonic ancestry]
  3929 | D:4      | Reached XP level 7. HP: 50/55 MP: 5/7
  4425 | D:5      | Entered Level 5 of the Dungeon
  4477 | D:5      | Received a gift from Trog
  4598 | D:5      | Reached skill level 5 in Fighting
  4607 | D:5      | Found a bloodstained altar of Trog.
  4608 | D:5      | Found a white marble altar of Elyvilon.
  4609 | D:5      | Found a burning altar of Makhleb.
  4610 | D:5      | Found a deep blue altar of Sif Muna.
  4611 | D:5      | Found a hide-covered altar of Uskayaw.
  4613 | D:5      | Found a radiant altar of Vehumet.
  4634 | D:5      | Noticed Pikel
  4658 | D:5      | Killed Pikel
  4658 | D:5      | Reached skill level 5 in Long Blades
  4658 | D:5      | Reached skill level 5 in Armour
  4658 | D:5      | Gained mutation: You are mostly covered in yellow scales. (AC +3) [demonic ancestry]
  4658 | D:5      | Reached XP level 8. HP: 63/63 MP: 8/8
  4800 | D:5      | Found a hide-covered altar of Uskayaw.
  4853 | D:5      | Noticed Grinder
  4862 | D:5      | Killed Grinder
  5321 | D:6      | Found Birecvof's Serpentskin Sales.
  5486 | D:6      | Reached **** piety under Trog
  5804 | D:6      | Gained mutation: You have sharp toenails. [demonic ancestry]
  5804 | D:6      | Reached XP level 9. HP: 69/69 MP: 7/9
  6157 | D:7      | Noticed a red ugly thing
  6164 | D:7      | Killed a red ugly thing
  6213 | D:7      | Noticed a troll
  6218 | D:7      | Killed a troll
  6592 | D:7      | Reached skill level 1 in Axes
  6592 | D:7      | Reached skill level 5 in Dodging
  6656 | D:7      | Noticed a troll
  6666 | D:7      | Killed a troll
  6927 | D:8      | Reached ***** piety under Trog
  6927 | D:8      | Reached XP level 10. HP: 72/79 MP: 10/10
  7457 | D:8      | Noticed lotte's ghost (novice DEFE)
  7464 | D:8      | Killed lotte's ghost
  7830 | D:8      | Found a staircase to the Lair.
  8042 | D:9      | Noticed a two-headed ogre
  8048 | D:9      | Killed a two-headed ogre
  8048 | D:9      | Reached skill level 1 in Stealth
  8078 | D:9      | Got a steaming scale mail
  8336 | D:9      | Identified the cursed +0 scale mail "Quxun" {Int-5 Dex+7 SInv} (You found it on level 9 of the Dungeon)
  8705 | D:10     | Entered Level 10 of the Dungeon
  8751 | D:10     | Found a staircase to the Orcish Mines.
  8768 | D:10     | Gained mutation: You have razor-sharp toenails. [demonic ancestry]
  8768 | D:10     | Reached XP level 11. HP: 86/87 MP: 11/11
  9326 | D:11     | Noticed Maurice
  9340 | D:11     | Killed Maurice
  9371 | D:11     | Noticed an unseen horror
  9374 | D:11     | Killed an unseen horror
  9985 | D:11     | Noticed a five-headed hydra
 10053 | D:11     | Noticed Josephine
 10059 | D:11     | Killed Josephine
 10061 | D:11     | Killed a five-headed hydra
 10061 | D:11     | Received a gift from Trog
 10713 | Orc:1    | Entered Level 1 of the Orcish Mines
 10718 | Orc:1    | Noticed an orc knight
 10728 | Orc:1    | Killed an orc knight
 10742 | Orc:1    | Reached skill level 10 in Armour
 10815 | Orc:1    | Noticed an orc high priest
 10820 | Orc:1    | Noticed a sixfirhy
 10824 | Orc:1    | HP: 3/90 [orc warrior/halberd (14)]
 11392 | Orc:1    | Killed an orc high priest
 11392 | Orc:1    | Reached skill level 10 in Fighting
 11395 | Orc:1    | Found a roughly hewn altar of Beogh.
 11678 | Orc:1    | Identified a scroll of acquirement
 11681 | Orc:1    | Got a scintillating ivory amulet
 11687 | Orc:1    | Identified the amulet "Cittaset" {Faith Str+5 Int+6} (You acquired it on level 1 of the Orcish Mines)
 12281 | Orc:2    | Entered Level 2 of the Orcish Mines
 12300 | Orc:2    | Reached skill level 10 in Long Blades
 12339 | Orc:2    | Received a gift from Trog
 12339 | Orc:2    | Gained mutation: You regenerate magic rapidly. [demonic ancestry]
 12339 | Orc:2    | Reached XP level 12. HP: 74/97 MP: 4/12
 12582 | Orc:2    | Found a roughly hewn altar of Beogh.
 12597 | Orc:2    | Found Amas's Armour Shoppe.
 12604 | Orc:2    | Bought the +2 hat of the Bear Spirit {Spirit, +Rage rN+ MR++} for 586 gold pieces
 12604 | Orc:2    | Found the +2 hat of the Bear Spirit {Spirit, +Rage rN+ MR++}
 12614 | Orc:2    | Bought a +0 cloak of magic resistance for 172 gold pieces
 12675 | Orc:2    | Found a staircase to the Elven Halls.
 12698 | Orc:2    | Found a roughly hewn altar of Beogh.
 12878 | Orc:2    | Found a roughly hewn altar of Beogh.
 12918 | Orc:2    | Found a roughly hewn altar of Beogh.
 13330 | Orc:2    | Found a roughly hewn altar of Beogh.
 13331 | Orc:2    | Found Riasatt's Book Emporium.
 13530 | Orc:2    | Noticed Saint Roka
 13544 | Orc:2    | Killed Saint Roka
 13546 | Orc:2    | Reached ****** piety under Trog
 13842 | Orc:2    | Found Jiesu's Antique Armour Shop.
 13843 | Orc:2    | Found a roughly hewn altar of Beogh.
 13846 | Orc:2    | Found Ivesu's Antique Weapon Boutique.
 13882 | Orc:2    | Bought a faintly humming chain mail for 199 gold pieces
 13892 | Orc:2    | Identified the +3 chain mail of Syndicalism {rC- Dex+7} (You bought it in a shop on level 2 of the Orcish Mines)
 13892 | Orc:2    | Bought a scorched scale mail for 189 gold pieces
 13902 | Orc:2    | Identified the +4 scale mail of Vearu {MR- Dex+4} (You bought it in a shop on level 2 of the Orcish Mines)
 13902 | Orc:2    | Bought a distressingly furry scale mail for 189 gold pieces
 13912 | Orc:2    | Identified the +2 scale mail "Xukul" {Dex+2 Stlth+} (You bought it in a shop on level 2 of the Orcish Mines)
 14065 | Lair:1   | Entered Level 1 of the Lair of Beasts
 14538 | Lair:1   | Received a gift from Trog
 15346 | Lair:2   | Gained mutation: You may emit foul miasma when damaged in melee. [demonic ancestry]
 15346 | Lair:2   | Reached XP level 13. HP: 106/106 MP: 4/13
 15423 | Lair:2   | Found a staircase to the Shoals.
 17411 | Lair:4   | Found a staircase to the Snake Pit.
 17830 | Lair:5   | Received a gift from Trog
 17965 | Lair:5   | Noticed Rupert
 17976 | Lair:5   | Mangled by Rupert

Skill      XL: |  1  2  3  4  5  6  7  8  9 10 11 12 13 |
---------------+----------------------------------------+-----
Armour         | 2 3 4 5 6 7 9 10 11 | 11.4
Dodging        | 2 3 4 5 6 7 8 9 |  9.1
Long Blades    | 3 4 5 6 7 8 10 11 12 | 12.7
Fighting       | 4 5 6 7 8 10 11 12 | 12.2
Axes           | 2 |  2.3
Stealth        | 1 |  1.2

Action                   |  1- 3 |  4- 6 |  7- 9 | 10-12 | 13-15 || total
-------------------------+-------+-------+-------+-------+-------++-------
Melee: Falchion          |    86 |   241 |   139 |     8 |       ||   474
       Hand axe          |       |       |    65 |     6 |       ||    71
       Kick              |       |       |    28 |   213 |    99 ||   340
       Scimitar          |       |       |       |   166 |       ||   166
       Triple sword      |       |       |       |   276 |   152 ||   428
Invok: Berserk           |     1 |     6 |     8 |     9 |     2 ||    26
       Burn Spellbooks   |       |       |     1 |     1 |       ||     2
       Brothers in Arms  |       |       |       |     3 |       ||     3
  Use: Scroll            |       |     3 |       |    25 |     5 ||    33
       Potion            |       |       |       |     2 |       ||     2
  Eat: Chunk             |       |    13 |     7 |    28 |    11 ||    59
       Ration            |       |     1 |     3 |     3 |       ||     7
Armor: Ring mail         |    24 |    31 |       |       |       ||    55
       Chain mail        |       |   161 |     6 |   160 |    76 ||   403
       Plate armour      |       |       |   145 |   181 |       ||   326
       Skin              |       |       |       |     2 |       ||     2
Dodge: Dodged            |    60 |   142 |    90 |   358 |   153 ||   803
       Rpst.: Falchion   |    21 |    36 |    16 |       |       ||    73
       Scimitar          |       |       |       |    25 |       ||    25
       Triple sword      |       |       |       |    81 |    44 ||   125
